[Event "Titled Tuesday Blitz June 20 Early 2023"]
[White "Lavrik, Dmitry"]
[Black "Terry, Renato"]
[WhiteFideId "24113190"]
[BlackFideId "3803457"]
[WhiteElo "2345"]
[BlackElo "2575"]
[Result "1-0"]
[Round "6"]
[TimeControl "180+2"]
[Date "2023.06.20"]
[WhiteClock "0:00:12"]
[BlackClock "0:00:00"]
[Board "19"]

1. c4 e5 2. g3 Nc6 3. Bg2 g6 4. Nc3 Bg7 5. d3 d6 6. Nf3 h6 7. Rb1 f5 8. b4 e4 9. Nxe4 fxe4 10. dxe4 Qe7 11. Nh4 Qf7 12. f4 Nge7 13. O-O Qxc4 14. e3 Qxa2 15. Bb2 Bxb2 16. Qd2 a6 17. Rxb2 Qf7 18. Qc3 O-O 19. e5 Be6 20. e4 dxe5 21. f5 Bc4 22. fxg6 Qe6 23. Rf5 b5 24. Rbf2 Nd4 25. Qe3 Nexf5 26. exf5 Qf6 27. Qxh6 Rfe8 28. Qh7+ Kf8 29. g7+ Qxg7 30. Ng6+ Kf7 31. Qh5 Kf6 32. g4 1-0


[Site "https://www.chess.com"]

[Event "Titled Tuesday Blitz June 20 Early 2023"]
[White "Puranik, Abhimanyu"]
[Black "Petrosian, Karlen"]
[WhiteFideId "5061245"]
[BlackFideId "4176146"]
[WhiteElo "2460"]
[BlackElo "2345"]
[Result "1-0"]
[Round "6"]
[TimeControl "180+2"]
[Date "2023.06.20"]
[WhiteClock "0:00:04"]
[BlackClock "0:00:00"]
[Board "20"]

1. e4 e6 2. d4 d5 3. e5 c5 4. c3 Qb6 5. Nf3 Bd7 6. Be2 cxd4 7. cxd4 Bb5 8. Bxb5+ Qxb5 9. Nc3 Qa6 10. Ne2 Ne7 11. O-O Nbc6 12. Ng3 h5 13. h4 g6 14. Be3 Nf5 15. Nxf5 gxf5 16. Ng5 Be7 17. a3 Na5 18. Bf4 Kf8 19. Rc1 Qb6 20. Rc2 Nc4 21. Qd3 a5 22. Rfc1 a4 23. Rxc4 dxc4 24. Rxc4 Qxb2 25. d5 Bxg5 26. Bxg5 Qxe5 27. d6 f6 28. Bf4 Qe1+ 29. Kh2 Qxf2 30. Bg3 Qb6 31. Rc7 Rd8 32. Qc3 Rh6 33. Qc4 Rxd6 34. Rc8+ Kg7 35. Qc7+ Qxc7 36. Rxc7+ Kg6 37. Bxd6 e5 38. Rxb7 f4 39. Rb6 Kf5 40. Kg1 Rg6 41. Kf2 e4 42. Be7 e3+ 43. Kf1 Rg4 44. Rxf6+ Ke4 45. Re6+ Kd3 46. Rd6+ Ke4 47. Ra6 Kd3 48. Rd6+ Ke4 49. Bg5 Ke5 50. Ra6 Kf5 51. Ra5+ Kg6 52. Ra6+ Kf5 53. Rxa4 e2+ 54. Ke1 Rxg2 55. Rxf4+ Ke5 56. Rf2 Rg3 57. Bf4+ Kf5 58. Bxg3+ 1-0


[Site "https://www.chess.com"]

[Event "Titled Tuesday Blitz June 20 Early 2023"]
[White "Druska, Juraj"]
[Black "Gurel, Ediz"]
[WhiteFideId "14915650"]
[BlackFideId "44507356"]
[WhiteElo "2415"]
[BlackElo "2352"]
[Result "0-1"]
[Round "6"]
[TimeControl "180+2"]
[Date "2023.06.20"]
[WhiteClock "0:00:06"]
[BlackClock "0:00:29"]
[Board "21"]

1. d4 Nf6 2. Nf3 e6 3. e3 d5 4. Bd3 c5 5. b3 Nc6 6. O-O cxd4 7. exd4 Be7 8. a3 O-O 9. Bb2 b6 10. Nbd2 Bb7 11. Qe2 Rc8 12. h3 Re8 13. Rae1 Bd6 14. Ne5 Bxe5 15. dxe5 Nd7 16. Nf3 Nc5 17. Rc1 Nxd3 18. cxd3 Ba6 19. b4 Qd7 20. Rc2 Ne7 21. Rfc1 Rxc2 22. Rxc2 Rc8 23. Nd4 h6 24. Qd2 Rxc2 25. Qxc2 Ng6 26. Qc6 Nxe5 27. Qxd7 Nxd7 28. b5 Bb7 29. Kf1 a6 30. a4 Nc5 31. a5 bxa5 32. b6 Na4 33. Ba3 Nxb6 34. Bd6 Nd7 35. Ke2 a4 36. Kd2 e5 37. Nf5 f6 38. Bb4 d4 39. f3 Nb8 40. Nd6 Bd5 41. Nf5 Kf7 42. Ba3 Nc6 43. Nd6+ Kg6 44. Nc8 h5 45. Ne7+ Nxe7 46. Bxe7 Kf5 47. Ke2 Bc6 48. Ba3 Bb5 49. Bc1 g5 50. g4+ hxg4 51. hxg4+ Ke6 52. Ba3 f5 53. gxf5+ Kxf5 54. Bc1 Kg6 55. Ba3 g4 56. fxg4 e4 57. Kd2 e3+ 58. Ke2 Kf6 59. Bf8 Ke5 60. g5 Be8 61. g6 Bxg6 62. Bc5 Kd5 63. Ba3 Bh5+ 64. Ke1 Ke5 65. Bb4 a5 66. Ba3 Kf4 67. Bc5 Kf3 68. Bxd4 Bg6 69. Bc3 Bxd3 70. Bxa5 a3 71. Bc3 Bc2 72. Bb4 a2 73. Bc3 Ke4 74. Ke2 Bb3 75. Bb2 Bc4+ 76. Kd1 Kd3 77. Ke1 Kc2 78. Bd4 e2 79. Ba1 Kb1 80. Bd4 a1=Q 81. Bxa1 Kxa1 82. Kd2 Kb2 0-1


[Site "https://www.chess.com"]

[Event "Titled Tuesday Blitz June 20 Early 2023"]
[White "Ning, Kaiyu"]
[Black "Makhnev, Denis"]
[WhiteFideId "8614750"]
[BlackFideId "13707647"]
[WhiteElo "2287"]
[BlackElo "2515"]
[Result "0-1"]
[Round "6"]
[TimeControl "180+2"]
[Date "2023.06.20"]
[WhiteClock "0:00:00"]
[BlackClock "0:00:18"]
[Board "22"]

1. e4 e5 2. Nf3 Nc6 3. Bc4 Bc5 4. O-O Nf6 5. d3 d6 6. c3 a5 7. Nbd2 O-O 8. h3 h6 9. Re1 Be6 10. Bb5 Ba7 11. Nf1 Ne7 12. Ng3 c6 13. Ba4 b5 14. Bc2 a4 15. d4 Ng6 16. Be3 Qc7 17. Bd3 Rfe8 18. b4 Rad8 19. Qc2 Bb8 20. Rad1 Qb7 21. Qc1 Bc7 22. a3 Kh7 23. Bb1 Qb8 24. Bd3 Kg8 25. c4 bxc4 26. Bxc4 d5 27. Bd3 exd4 28. Nxd4 Bxg3 29. fxg3 Qxg3 30. Bf2 Qd6 31. Nxc6 Rc8 32. b5 Bd7 33. exd5 Rxe1+ 34. Rxe1 Nxd5 35. Bxg6 Qxg6 36. Qc4 Bxc6 37. bxc6 Qxc6 38. Qxc6 Rxc6 39. Re8+ Kh7 40. Re4 Nc3 41. Re7 f6 42. Bd4 Nb5 43. Bb2 Kg6 44. Rb7 Nd6 45. Rb4 Rc4 46. Rb6 Ne4 47. Ra6 h5 48. Kh2 h4 49. Ra5 Ng3 50. Ra6 Kf5 51. Ra5+ Ke4 52. Bc1 Rxc1 53. Re5+ Kd3 54. Re3+ Kd4 55. Rd3+ Ke5 56. Rd5+ Kf4 57. Rd4+ Ne4 0-1


[Site "https://www.chess.com"]

[Event "Titled Tuesday Blitz June 20 Early 2023"]
[White "Weishaeutel, Moritz"]
[Black "Zhigalko, Sergei"]
[WhiteFideId "12967300"]
[BlackFideId "13502956"]
[WhiteElo "2301"]
[BlackElo "2626"]
[Result "0-1"]
[Round "6"]
[TimeControl "180+2"]
[Date "2023.06.20"]
[WhiteClock "0:00:28"]
[BlackClock "0:01:16"]
[Board "23"]

1. e4 c5 2. d4 cxd4 3. c3 Nf6 4. e5 Nd5 5. Nf3 Nc6 6. Bc4 Nb6 7. Bb3 g6 8. cxd4 Bg7 9. O-O O-O 10. Bf4 d5 11. h3 Bf5 12. Nc3 Rc8 13. Qd2 Na5 14. Qe2 Qd7 15. Rfc1 a6 16. Bc2 Rfd8 17. Bxf5 Qxf5 18. Bg5 f6 19. Bh4 Nc6 20. e6 Rd6 21. Re1 Nd8 22. Qc2 Qxc2 0-1


[Site "https://www.chess.com"]

[Event "Titled Tuesday Blitz June 20 Early 2023"]
[White "Aravindh, Chithambaram VR."]
[Black "Munkhgal, Gombosuren"]
[WhiteFideId "5072786"]
[BlackFideId "4901266"]
[WhiteElo "2596"]
[BlackElo "2528"]
[Result "1-0"]
[Round "6"]
[TimeControl "180+2"]
[Date "2023.06.20"]
[WhiteClock "0:00:04"]
[BlackClock "0:00:16"]
[Board "24"]

1. e4 e6 2. Nf3 d5 3. exd5 exd5 4. d4 Nf6 5. Bd3 c5 6. O-O c4 7. Re1+ Be7 8. Bf1 O-O 9. b3 cxb3 10. axb3 Nc6 11. h3 Ne4 12. c4 Be6 13. Bb2 Bb4 14. Re3 f5 15. Nc3 Bxc3 16. Rxc3 Nxc3 17. Bxc3 f4 18. Qd2 Qd7 19. Re1 Rae8 20. Qa2 h6 21. b4 a6 22. Rxe6 Qxe6 23. cxd5 Qf7 24. Bc4 Nd8 25. d6 Ne6 26. Ne5 Qf5 27. d7 Re7 28. d5 f3 29. dxe6 fxg2 30. Ng4 Qf3 31. Qd2 Qxh3 32. Nh2 Rd8 33. Qd6 Qh4 34. Bd4 b5 35. Bb3 Qg5 36. Bc5 Qc1+ 37. Kxg2 Qg5+ 38. Qg3 Qf6 39. Ng4 Qg5 40. Nxh6+ Qxh6 41. Bxe7 Qh7 42. Bxd8 Qe4+ 43. Qf3 Qg6+ 44. Bg5 Qxg5+ 45. Qg3 Qd5+ 46. Bxd5 1-0


[Site "https://www.chess.com"]

[Event "Titled Tuesday Blitz June 20 Early 2023"]
[White "Ashraf, Artin"]
[Black "Henriquez Villagra, Cristobal"]
[WhiteFideId "22514805"]
[BlackFideId "3409350"]
[WhiteElo "2224"]
[BlackElo "2542"]
[Result "0-1"]
[Round "6"]
[TimeControl "180+2"]
[Date "2023.06.20"]
[WhiteClock "0:00:00"]
[BlackClock "0:01:13"]
[Board "25"]

1. c4 d6 2. Nc3 e5 3. e3 f5 4. d4 Nd7 5. Bd3 Nh6 6. Nge2 Be7 7. b3 O-O 8. Bb2 c6 9. Qd2 a6 10. d5 c5 11. f4 Rb8 12. h3 b5 13. cxb5 axb5 14. Bxb5 Nf7 15. O-O Nf6 16. Bc4 Re8 17. a4 Bf8 18. a5 Qe7 19. a6 Ra8 20. Ra2 Nd7 21. Bb5 Ra7 22. Rfa1 g6 23. Bc6 exf4 24. exf4 Bh6 25. Nb5 Rxa6 26. Rxa6 Bxa6 27. Rxa6 Qxe2 28. Qc3 Qd1+ 29. Kh2 Bxf4+ 0-1


[Site "https://www.chess.com"]

[Event "Titled Tuesday Blitz June 20 Early 2023"]
[White "Nogerbek, Kazybek"]
[Black "djokovic74"]
[WhiteFideId "13710427"]
[WhiteElo "2498"]
[BlackElo "2642"]
[Result "1-0"]
[Round "6"]
[TimeControl "180+2"]
[Date "2023.06.20"]
[WhiteClock "0:00:53"]
[BlackClock "0:00:00"]
[Board "26"]

1. d4 e6 2. Nc3 d5 3. Bf4 Nf6 4. e3 Bd6 5. Nf3 O-O 6. Ne5 a6 7. g4 Nfd7 8. g5 Nxe5 9. dxe5 Bb4 10. h4 c5 11. a3 Ba5 12. Bd3 d4 13. b4 cxb4 14. Ne4 b3+ 15. Kf1 Qd5 16. Rg1 Rd8 17. Qh5 Kf8 18. Qxh7 dxe3 19. Bxe3 bxc2 20. Bxc2 Nc6 21. Bc5+ Ke8 22. Qg8+ Kd7 23. Qxf7+ Ne7 24. Qxe7+ Kc6 25. Rd1 Qc4+ 26. Kg2 Qxc2 27. Rd6+ Rxd6 28. Qxd6+ Kb5 29. Qd4 b6 30. Nd6+ Kc6 31. Bb4 Bxb4 32. axb4 b5 33. Qf4 Bb7 34. Rc1 Kb6+ 35. Kg1 1-0


[Site "https://www.chess.com"]

[Event "Titled Tuesday Blitz June 20 Early 2023"]
[White "Mortazavi, Ali"]
[Black "Bharath Subramaniyam H"]
[WhiteFideId "401323"]
[BlackFideId "46634827"]
[WhiteElo "2339"]
[BlackElo "2400"]
[Result "0-1"]
[Round "6"]
[TimeControl "180+2"]
[Date "2023.06.20"]
[WhiteClock "0:00:00"]
[BlackClock "0:00:24"]
[Board "27"]

1. Nf3 Nf6 2. g3 d5 3. Bg2 Bf5 4. O-O e6 5. d3 h6 6. c4 c6 7. Be3 Nbd7 8. Qb3 Qc7 9. Nc3 Bd6 10. cxd5 exd5 11. Nd4 Bh7 12. Rac1 Qb8 13. Bh3 O-O 14. Nf5 Bxf5 15. Bxf5 Ne5 16. Na4 Re8 17. Rfe1 Neg4 18. Bc5 Bxc5 19. Nxc5 Qe5 20. Bxg4 Nxg4 21. h3 Nf6 22. Qxb7 Rab8 23. Qxc6 Qxb2 24. e3 Qxa2 25. d4 Rec8 26. Qd6 Rb6 27. Qf4 a5 28. Kg2 Ne8 29. Nd7 Rbc6 30. Ra1 Qd2 31. Red1 Qc2 32. Nc5 Rf6 33. Qxf6 Nxf6 34. Rdc1 Qd2 35. Rd1 Qc2 36. Rdc1 Qf5 37. Rxa5 Ne4 38. Ra2 Ng5 0-1


[Site "https://www.chess.com"]

[Event "Titled Tuesday Blitz June 20 Early 2023"]
[White "Akhmedinov, Satbek"]
[Black "Donchenko, Alexander"]
[WhiteFideId "13714287"]
[BlackFideId "24603295"]
[WhiteElo "1998"]
[BlackElo "2554"]
[Result "0-1"]
[Round "6"]
[TimeControl "180+2"]
[Date "2023.06.20"]
[WhiteClock "0:00:45"]
[BlackClock "0:01:54"]
[Board "28"]

1. e4 c6 2. Nc3 d5 3. Nf3 dxe4 4. Nxe4 Nf6 5. Qe2 Bf5 6. d3 e6 7. Bg5 Nbd7 8. O-O-O h6 9. Bh4 Be7 10. Nd4 Bh7 11. Nb3 a5 12. f4 a4 13. Nbd2 a3 14. b3 O-O 15. g4 Qc7 16. Bg3 Nxe4 17. Nxe4 Qb6 18. c3 Nc5 19. Nxc5 Qxc5 20. Be1 Rfd8 21. Bg2 Bf6 22. Kc2 b5 23. b4 Qd6 24. Bg3 Qd7 25. h4 Rac8 26. g5 Bxc3 27. Kxc3 Qd4+ 28. Kb3 Bxd3 0-1


[Site "https://www.chess.com"]

[Event "Titled Tuesday Blitz June 20 Early 2023"]
[White "Timofeev, Artyom"]
[Black "ArtemDyachuk"]
[WhiteFideId "4140419"]
[WhiteElo "2570"]
[BlackElo "2629"]
[Result "1-0"]
[Round "6"]
[TimeControl "180+2"]
[Date "2023.06.20"]
[WhiteClock "0:00:30"]
[BlackClock "0:00:03"]
[Board "29"]

1. d4 Nf6 2. c4 e6 3. Nc3 c5 4. d5 exd5 5. Nxd5 d6 6. Bg5 Qa5+ 7. Bd2 Qd8 8. Nxf6+ Qxf6 9. Bc3 Qe6 10. e3 Nc6 11. Nf3 Ne5 12. Be2 Be7 13. Qb3 O-O 14. O-O Rb8 15. Rad1 b6 16. Nxe5 dxe5 17. Qa4 Bb7 18. Qd7 Qg6 19. Qg4 Qf6 20. Qg3 Rbd8 21. Bxe5 Qg6 22. Qxg6 hxg6 23. Rxd8 Rxd8 24. Rd1 Be4 25. Rxd8+ Bxd8 26. f3 Bb1 27. a3 Kf8 28. Kf2 Ke7 29. Ke1 Ke6 30. Bc3 Kd6 31. Kd2 Bf5 32. Bxg7 f6 33. h4 Ke6 34. Bh6 Kf7 35. Bf4 Bb1 36. Bd3 g5 37. hxg5 fxg5 38. Bb8 Bxd3 39. Kxd3 a6 40. Ke4 Ke6 41. g4 Bf6 42. b3 b5 43. a4 b4 44. f4 gxf4 45. exf4 Bd4 46. f5+ Kd7 1-0


[Site "https://www.chess.com"]

[Event "Titled Tuesday Blitz June 20 Early 2023"]
[White "Sowul, Bartosz"]
[Black "Gadimbayli, Abdulla"]
[WhiteFideId "1137590"]
[BlackFideId "13404938"]
[WhiteElo "2188"]
[BlackElo "2386"]
[Result "0-1"]
[Round "6"]
[TimeControl "180+2"]
[Date "2023.06.20"]
[WhiteClock "0:00:03"]
[BlackClock "0:00:52"]
[Board "30"]

1. e4 e5 2. Nf3 d5 3. exd5 e4 4. Qe2 Nf6 5. Nc3 Be7 6. Nxe4 O-O 7. d3 Re8 8. Qd1 Nxd5 9. Be2 f5 10. Nc3 Nxc3 11. bxc3 Bf6 12. d4 Qe7 13. Bf4 Nc6 14. Qd3 Kh8 15. O-O Be6 16. Rfe1 Bd5 17. Bf1 Be4 18. Qb5 a6 19. Qb3 Qd7 20. Nd2 Bd5 21. Bc4 Na5 22. Qb4 Nxc4 23. Nxc4 a5 24. Nxa5 Be7 25. Rxe7 Rxe7 26. Nb3 b6 27. Rf1 Ra4 0-1


[Site "https://www.chess.com"]

[Event "Titled Tuesday Blitz June 20 Early 2023"]
[White "Pinheiro, Iung Alicio de O."]
[Black "Mikhailovsky, Vladimir"]
[WhiteFideId "2104350"]
[BlackFideId "34105414"]
[WhiteElo "2283"]
[BlackElo "2244"]
[Result "0-1"]
[Round "6"]
[TimeControl "180+2"]
[Date "2023.06.20"]
[WhiteClock "0:00:00"]
[BlackClock "0:00:13"]
[Board "31"]

1. e4 e5 2. Nf3 d5 3. exd5 e4 4. Qe2 Nf6 5. Nc3 Be7 6. Nxe4 O-O 7. Nxf6+ Bxf6 8. Qd1 Qxd5 9. Be2 c5 10. O-O b6 11. Ne1 Nc6 12. Bf3 Qd7 13. d3 Bb7 14. Bf4 Bxb2 15. Rb1 Bf6 16. Be4 Nd4 17. Nf3 Bxe4 18. dxe4 Qg4 19. Nxd4 Qxf4 20. Qf3 Qd2 21. Rfd1 Qa5 22. Nc6 Qxa2 23. e5 Bg5 24. Qf5 Qa4 25. Rd6 Qf4 26. Qd3 Bh6 27. g3 Qg4 28. Ne7+ Kh8 29. Nf5 Bg5 30. h4 Bd8 31. Qd5 Bc7 32. Ne3 Qh5 33. Rd7 Qxe5 34. Qf3 Kg8 35. Nc4 Qe6 36. Qd3 Bd8 37. Rd1 Bf6 38. Rd6 Qg4 39. Ne3 Qf3 40. Qb5 Bd4 41. Qd3 Bxe3 42. Qxe3 Qxe3 43. fxe3 Rfe8 44. Kf2 g6 45. Rd7 Re6 46. Rb7 Rae8 47. Rdd7 Rf6+ 48. Ke2 a5 49. Kd3 h5 50. c4 Rf3 51. Kc2 Rexe3 52. Rxb6 Re4 53. Rb8+ Kg7 54. Kd2 Rxc4 55. Rdd8 Rxg3 56. Rg8+ Kf6 57. Rb6+ Kf5 58. Rf8 Rd4+ 59. Ke2 Rd7 60. Rb5 Kg4 61. Rxc5 Kxh4 62. Kf2 Rd2+ 63. Ke1 Ra2 64. Rc4+ Rg4 65. Rxg4+ Kxg4 66. Rxf7 g5 67. Rc7 h4 68. Rc4+ Kh3 69. Rc3+ Kg2 70. Rc4 h3 71. Rg4+ Kf3 72. Rxg5 h2 73. Rh5 h1=Q+ 74. Rxh1 Ra1+ 75. Kd2 Rxh1 0-1


[Site "https://www.chess.com"]

[Event "Titled Tuesday Blitz June 20 Early 2023"]
[White "Lagarde, Maxime"]
[Black "Omariev, Maksim"]
[WhiteFideId "662399"]
[BlackFideId "4193423"]
[WhiteElo "2571"]
[BlackElo "2387"]
[Result "1-0"]
[Round "6"]
[TimeControl "180+2"]
[Date "2023.06.20"]
[WhiteClock "0:00:29"]
[BlackClock "0:00:00"]
[Board "32"]

1. d4 d5 2. Nf3 Nf6 3. g3 c6 4. Bg2 Bf5 5. O-O e6 6. b3 h6 7. Bb2 Nbd7 8. c4 Bd6 9. Nc3 O-O 10. Nd2 Rc8 11. e4 dxe4 12. Ndxe4 Nxe4 13. Bxe4 Bxe4 14. Nxe4 Be7 15. Qe2 Nf6 16. Rad1 Nxe4 17. Qxe4 Qa5 18. Qc2 Bf6 19. Rd3 Rfd8 20. Rfd1 Rd6 21. Bc3 Qa6 22. R1d2 Rcd8 23. Kg2 b5 24. c5 Rd5 25. b4 Qb7 26. a4 a6 27. Qd1 Qd7 28. axb5 axb5 29. f4 e5 30. fxe5 Bxe5 31. Qg1 h5 32. Qf2 Bf6 33. h4 Qg4 34. Qf3 Qg6 35. Rd1 Bxh4 36. Re1 Bf6 37. Re4 Rf5 38. Qe2 Kh7 39. Rf3 Rg5 40. Kh3 Rdd5 41. Ref4 Rg4 42. Qf2 Rdg5 43. Be1 Rd5 44. Bc3 Rdg5 45. Be1 Rd5 46. Qf1 Rxd4 47. Rxf6 gxf6 48. Rxf6 1-0


[Site "https://www.chess.com"]

[Event "Titled Tuesday Blitz June 20 Early 2023"]
[White "Kollars, Dmitrij"]
[Black "Shukhman, Anna"]
[WhiteFideId "12909572"]
[BlackFideId "54180058"]
[WhiteElo "2584"]
[BlackElo "2235"]
[Result "1-0"]
[Round "6"]
[TimeControl "180+2"]
[Date "2023.06.20"]
[WhiteClock "0:00:13"]
[BlackClock "0:00:04"]
[Board "33"]

1. Nf3 f5 2. d4 Nf6 3. c4 g6 4. e3 Bg7 5. Be2 O-O 6. O-O d6 7. b4 c6 8. Nc3 Qe8 9. Qb3 e5 10. dxe5 dxe5 11. a4 Kh8 12. Ba3 a5 13. b5 Rf7 14. Rfd1 e4 15. Ng5 Rd7 16. Bd6 h6 17. Nh3 Qf7 18. Qa3 Ne8 19. Bc5 Rxd1+ 20. Rxd1 Be6 21. Nf4 Nd7 22. Bd4 Bxd4 23. Rxd4 c5 24. Rd1 b6 25. h4 Ne5 26. Qa1 Kh7 27. Ncd5 Nd7 28. h5 g5 29. Ng6 Nef6 30. Nxf6+ Nxf6 31. Rd6 g4 32. Nf4 Re8 33. Rxb6 Nxh5 34. Nxh5 Qxh5 35. Rb7+ Bf7 36. Qf6 Kg8 37. b6 Rf8 38. Rc7 f4 39. Qxf4 Be6 40. Qg3 Qf5 41. b7 h5 42. Qf4 Qxf4 43. exf4 Rb8 44. g3 Kf8 45. Kf1 Ke8 46. Rh7 Kd8 47. Ke1 Bd7 48. Rxh5 Rxb7 49. Rxc5 Rb1+ 50. Kd2 Rb2+ 51. Ke3 Bxa4 52. Rxa5 Bc6 53. Bxg4 Rb3+ 54. Kd4 Rb2 55. Be6 Rxf2 56. Bd5 Bxd5 57. Rxd5+ Ke7 58. Kxe4 Rc2 59. c5 Rc4+ 60. Kf5 Rc3 61. g4 Rc2 62. g5 Rc3 63. g6 Rc2 64. Re5+ Kf8 65. Kf6 Rg2 66. c6 Rc2 67. g7+ 1-0


[Site "https://www.chess.com"]

[Event "Titled Tuesday Blitz June 20 Early 2023"]
[White "Srihari L R"]
[Black "Eljanov, Pavel"]
[WhiteFideId "46617116"]
[BlackFideId "14102951"]
[WhiteElo "2334"]
[BlackElo "2598"]
[Result "0-1"]
[Round "6"]
[TimeControl "180+2"]
[Date "2023.06.20"]
[WhiteClock "0:00:17"]
[BlackClock "0:01:04"]
[Board "34"]

1. c4 e6 2. Nc3 d5 3. d4 Nf6 4. Bg5 Be7 5. e3 h6 6. Bh4 O-O 7. Qc2 Nbd7 8. cxd5 exd5 9. Nf3 c6 10. Bd3 Re8 11. O-O Ne4 12. Bxe7 Qxe7 13. Bxe4 dxe4 14. Nd2 Nf6 15. Rab1 a5 16. a3 Nd5 17. Nxd5 cxd5 18. Rfc1 Ra6 19. Nf1 h5 20. Qc5 Qg5 21. Qb5 Rf8 22. Rc5 Rg6 23. Ng3 Be6 24. Qf1 b6 25. Rc6 h4 26. Ne2 Bd7 27. Rxg6 fxg6 28. Rc1 Bb5 29. Qe1 h3 30. Ng3 hxg2 31. Kxg2 Bd7 32. Rc7 Bg4 33. Qc1 Qf6 34. Rc2 Qf3+ 35. Kf1 Bh3+ 36. Ke1 Qg2 37. Re2 Bg4 38. f4 Bxe2 39. Nxe2 Qh1+ 40. Kd2 Qxc1+ 41. Kxc1 Kf7 42. Kd2 Rh8 0-1


[Site "https://www.chess.com"]

[Event "Titled Tuesday Blitz June 20 Early 2023"]
[White "Grandelius, Nils"]
[Black "Darini, Pouria"]
[WhiteFideId "1710400"]
[BlackFideId "12502200"]
[WhiteElo "2573"]
[BlackElo "2482"]
[Result "0-1"]
[Round "6"]
[TimeControl "180+2"]
[Date "2023.06.20"]
[WhiteClock "0:01:09"]
[BlackClock "0:00:03"]
[Board "35"]

1. c4 e5 2. d3 f5 3. Nf3 Nc6 4. g3 Bb4+ 5. Bd2 Bxd2+ 6. Qxd2 Nf6 7. Bg2 O-O 8. O-O d6 9. Nc3 Bd7 10. Rac1 Ne7 11. b4 a5 12. b5 Qe8 13. b6 c5 14. Rb1 Ra6 15. Nb5 Bxb5 16. Rxb5 Nc6 17. Rfb1 h6 18. Ne1 e4 19. Nc2 Qe5 20. e3 Qe6 21. d4 Qxc4 22. Bf1 Qf7 23. dxc5 dxc5 24. Rxc5 Rd8 25. Qc3 Nd5 26. Qb3 Rxb6 27. Rb5 Rxb5 28. Bxb5 Kh8 29. Bc4 Nce7 30. Qxb7 Qf6 31. Nd4 Nc3 32. Rc1 Ncd5 33. Bf1 Rd6 34. Qa8+ Kh7 35. Qxa5 f4 36. Qd2 fxe3 37. fxe3 Qg5 38. Re1 Nf5 39. Nxf5 Qxf5 40. Bg2 Qe5 41. Qd4 Qxd4 42. exd4 Nc3 43. Bxe4+ Kh8 44. Bb1 g5 45. Rc1 Ne2+ 0-1


[Site "https://www.chess.com"]

[Event "Titled Tuesday Blitz June 20 Early 2023"]
[White "Nagare Kaivalya Sandip"]
[Black "Bacrot, Etienne"]
[WhiteFideId "25957929"]
[BlackFideId "605506"]
[WhiteElo "2024"]
[BlackElo "2672"]
[Result "0-1"]
[Round "6"]
[TimeControl "180+2"]
[Date "2023.06.20"]
[WhiteClock "0:00:10"]
[BlackClock "0:00:41"]
[Board "37"]

1. e4 c5 2. Nf3 d6 3. d4 cxd4 4. Nxd4 Nf6 5. Nc3 Nc6 6. Bg5 e6 7. Qd2 Bd7 8. O-O-O a6 9. Kb1 Nxd4 10. Qxd4 Be7 11. f3 Qc7 12. Qd2 b5 13. Bd3 b4 14. Ne2 a5 15. h4 O-O 16. g4 a4 17. h5 h6 18. Be3 d5 19. e5 Nh7 20. Bxh6 a3 21. b3 Qxe5 22. Nd4 gxh6 23. Qxh6 Qg7 24. Qd2 Bc5 25. Bxh7+ Kxh7 26. Qd3+ Kh8 27. h6 Qxd4 28. Qxd4+ Bxd4 29. Rxd4 Rab8 30. g5 Kh7 31. f4 Rfc8 32. f5 exf5 33. Rxd5 Be6 34. Rd6 Rd8 35. Ra6 Rg8 36. Rg1 f4 0-1


[Site "https://www.chess.com"]

[Event "Titled Tuesday Blitz June 20 Early 2023"]
[White "Ilamparthi A R"]
[Black "Agibileg, Uurtsaikh"]
[WhiteFideId "45015775"]
[BlackFideId "4901606"]
[WhiteElo "2348"]
[BlackElo "2353"]
[Result "1/2-1/2"]
[Round "6"]
[TimeControl "180+2"]
[Date "2023.06.20"]
[WhiteClock "0:00:14"]
[BlackClock "0:00:08"]
[Board "39"]

1. e4 c5 2. Nf3 e6 3. d3 Nc6 4. g3 g6 5. Bg2 Bg7 6. O-O Nge7 7. Re1 O-O 8. c3 e5 9. a3 d6 10. b4 h6 11. Bb2 Be6 12. h3 b6 13. b5 Na5 14. Nbd2 f5 15. exf5 Bxf5 16. d4 exd4 17. cxd4 Rc8 18. Rc1 Kh7 19. Nb3 c4 20. Nxa5 bxa5 21. Qe2 Ng8 22. Rxc4 Rxc4 23. Qxc4 Bxh3 24. Bxh3 Rxf3 25. Bg2 Rf8 26. Re6 Ne7 27. Qe2 Nf5 28. d5 Nd4 29. Bxd4 Bxd4 30. Kh2 Rf7 31. Qg4 Bf6 32. Be4 Rg7 33. Qf4 Rf7 34. Qg4 Rg7 35. Kg2 a4 36. Bd3 Qf8 37. Qf4 Rf7 38. Qe4 Rg7 39. Qxa4 Bd8 40. Qg4 Qf7 41. a4 Bb6 42. f4 Bc5 43. a5 Rg8 44. Qe2 Rg7 45. Qe4 h5 46. Qe2 Kh8 47. Re8+ Rg8 48. Re7 Qxd5+ 49. Be4 Qd4 50. Bxg6 Qg1+ 51. Kh3 Qh1+ 52. Qh2 Qxh2+ 53. Kxh2 Rxg6 54. Kh3 d5 55. Rc7 Bd6 56. Rd7 d4 57. b6 axb6 58. a6 Bc5 59. a7 Rg8 60. Rb7 Bd6 61. Rxb6 Bc7 62. Rb7 Bd6 63. Rd7 Bc5 64. Kh4 d3 65. Kxh5 d2 66. Kh6 Rf8 67. Rxd2 Bxa7 68. Rd7 Bc5 69. Kg5 Rg8+ 70. Kh4 Bf2 71. Rd3 Kh7 72. Kh3 Bxg3 73. Rxg3 Rxg3+ 74. Kxg3 Kg6 75. Kg4 Kf6 76. f5 Kf7 77. Kg5 Kg7 78. f6+ Kf7 79. Kf5 Kf8 80. Ke5 Kf7 81. Kf5 Kf8 82. Kg6 Kg8 83. f7+ Kf8 84. Kf6 1/2-1/2


[Site "https://www.chess.com"]

[Event "Titled Tuesday Blitz June 20 Early 2023"]
[White "Maksimovic, Bojan"]
[Black "Jaracz, Pawel"]
[WhiteFideId "14408120"]
[BlackFideId "1102222"]
[WhiteElo "2457"]
[BlackElo "2454"]
[Result "0-1"]
[Round "6"]
[TimeControl "180+2"]
[Date "2023.06.20"]
[WhiteClock "0:00:00"]
[BlackClock "0:00:20"]
[Board "40"]

1. Nf3 d5 2. g3 Nd7 3. d4 Ngf6 4. Bg2 Nb6 5. O-O Bf5 6. b3 e6 7. Bb2 Be7 8. Nbd2 O-O 9. c4 c6 10. Rc1 Ne4 11. e3 a5 12. a3 Bg4 13. Qc2 a4 14. c5 axb3 15. Qxb3 Bxf3 16. Nxf3 Nc4 17. Rxc4 dxc4 18. Qxc4 Qd5 19. Qc2 Nf6 20. Ne5 Qd8 21. Nc4 Ra6 22. a4 Nd5 23. a5 Nc7 24. Bc3 Nb5 25. Bd2 Bf6 26. Rb1 Qe7 27. f4 Rd8 28. h3 g6 29. Kh2 Bg7 30. Be1 h5 31. h4 Bf6 32. Bf1 Ra7 33. Bb4 Qd7 34. Nd2 Nc7 35. Ne4 Be7 36. Be1 Nd5 37. Rb3 Rda8 38. Qb2 Bd8 39. Bc4 Kf8 40. Nd6 b5 41. cxb6 Bxb6 42. Bxd5 Bxa5 43. Bxa5 exd5 44. Rb8+ Kg7 45. Ne8+ Kh6 46. Nf6 Qe6 47. Ng8+ Kg7 48. Rxa8 Rxa8 49. Qb7 Rxa5 50. Ne7 Ra2+ 51. Kg1 Qxe3+ 0-1


[Site "https://www.chess.com"]

[Event "Titled Tuesday Blitz June 20 Early 2023"]
[White "Kvaloy, Aksel Bu"]
[Black "Avinash Ramesh"]
[WhiteFideId "1528815"]
[BlackFideId "45018340"]
[WhiteElo "2318"]
[BlackElo "2300"]
[Result "1-0"]
[Round "6"]
[TimeControl "180+2"]
[Date "2023.06.20"]
[WhiteClock "0:00:06"]
[BlackClock "0:00:00"]
[Board "41"]

1. e4 e5 2. Nf3 Nc6 3. Nc3 Nf6 4. d4 exd4 5. Nxd4 Bc5 6. Nxc6 bxc6 7. Bd3 O-O 8. O-O d6 9. Bg5 h6 10. Bh4 Re8 11. Kh1 d5 12. exd5 cxd5 13. Bxf6 Qxf6 14. Nxd5 Qc6 15. b4 Bb7 16. bxc5 Qxd5 17. Qg4 Qxc5 18. h4 Re6 19. Rab1 Bc6 20. Kg1 Rae8 21. Qg3 Bd5 22. Rb5 Qc6 23. Ra5 Be4 24. Ra6 Qc5 25. Rxe6 Rxe6 26. Re1 Qe7 27. Bxe4 Rxe4 28. Rxe4 Qxe4 29. Qc3 c6 30. g3 Qd5 31. Qa3 a5 32. c4 Qxc4 33. Qxa5 c5 34. a4 Qc1+ 35. Kg2 c4 36. Qa8+ Kh7 37. a5 c3 38. a6 Qb1 39. a7 c2 40. Qe4+ g6 41. Qd5 Kg7 42. a8=Q c1=Q 43. Qe5+ 1-0


[Site "https://www.chess.com"]